Map: Ulrena

Players

Borkaman

  • Race: Terran Terran
  • League: Silver

Haighstrom - Winner!

  • Race: Zerg Zerg

VOD

Have the link to the VOD?

Description

Time

  • Played on: Nov. 10, 2015, 5:53 p.m.
  • Length: 9:18
Show
View Real Time Build Order
Export as new Build Order

Borkaman Terran 

Build Orders:  

Get SALT Encoding   

  12  0:00  SCV  
  13  0:13  Supply Depot  
  13  0:18  SCV  
  14  0:30  SCV  
  15  0:37  Barracks  
  15  0:42  SCV  
  16  0:47  Refinery  
  16  0:54  SCV  
  17  1:08  SCV  
  17  1:10  Refinery  
  18  1:24  Orbital Command  
  18  1:36  Supply Depot  
  18  1:49  SCV  
  18  1:53  Factory  
  19  1:59  Barracks Reactor  
  19  2:19  Command Center  
  19  2:22  SCV  
  20  2:34  SCV  
  21  2:43  Hellion  
  21  2:44  Hellion  
  24  2:53  Supply Depot  
  24  3:05  SCV, Hellion x2  
  30  3:22  Barracks Tech Lab  
  30  3:25  SCV  
  30  3:34  Orbital Command  
  30  3:35  Starport  
  30  3:51  Siege Tank  
  30  3:55  Marine x2  
  31  4:02  Bunker  
  27  4:11  Fusion Core  
  27  4:16  Marine x2  
  29  4:23  Siege Tank  
  32  4:25  Medivac  
  34  4:32  SCV x2  
  28  5:11  Siege Tank  
  28  5:14  Marine  
  29  5:20  Marine  
  30  5:37  Orbital Command  
  30  5:46  Factory Tech Lab  
  30  5:54  Barracks x2  
  30  5:55  Barracks  
  30  5:56  Barracks Tech Lab, Barracks  
  30  5:59  Barracks  
  30  6:03  SCV  
  30  6:04  SCV  
  32  6:15  SCV  
  32  6:16  SCV  
  32  6:17  Siege Tank  
  37  6:32  Marauder  
  39  6:33  SCV x2  
  39  6:36  Supply Depot  
  39  6:38  Starport Tech Lab  
  41  6:45  SCV x2, Barracks Tech Lab x2  
  41  6:46  Barracks Tech Lab  
  43  6:47  Marine  
  43  6:48  Marine  
  43  6:51  Refinery, Concussive Shells  
  43  6:52  Refinery  
  43  6:53  Siege Tank, Marauder  
  50  7:05  Marauder x3  
  56  7:08  SCV  
  56  7:09  SCV  
  56  7:13  Supply Depot x2  
  56  7:14  Marauder  
  60  7:21  SCV  
  61  7:29  Barracks Tech Lab  
  61  7:35  Marauder x3  
  67  7:39  Marauder  
  67  7:40  Marine  
  70  7:56  Marauder, Marine  
  70  7:57  Marauder  
  70  7:58  Marine  
  76  8:09  SCV x2  
  78  8:16  Supply Depot x2  
  78  8:19  Engineering Bay  
  78  8:37  Command Center, SCV x2, Siege Tank  
  83  8:55  Marauder x2  
  93  8:58  Starport  
Show
View Real Time Build Order
Export as new Build Order

Haighstrom Zerg - Winner!

Build Orders: Hatch First, Muta Ling Bane 

Get SALT Encoding   

  12  0:00  Drone  
  13  0:13  Overlord  
  13  0:25  Drone  
  14  0:32  Drone  
  14  0:33  Drone  
  16  0:37  Drone  
  17  0:54  Hatchery  
  16  0:58  Drone  
  17  1:12  Spawning Pool  
  17  1:14  Drone  
  17  1:17  Extractor  
  16  1:21  Drone  
  17  1:33  Drone  
  17  1:34  Drone  
  19  1:43  Drone  
  20  1:51  Drone  
  21  2:02  Overlord  
  21  2:06  Queen x2  
  26  2:08  Zergling x2  
  26  2:17  Metabolic Boost  
  26  2:21  Drone x2  
  28  2:25  Extractor  
  28  2:27  Drone  
  28  2:30  Overlord  
  28  2:44  Roach Warren  
  28  2:45  Drone x2  
  29  2:53  Drone x2  
  29  2:56  Overlord  
  31  3:02  Drone  
  32  3:09  Overlord  
  32  3:10  Drone  
  33  3:24  Roach x4  
  41  3:27  Roach  
  41  3:28  Roach  
  44  3:37  Drone x2  
  46  4:00  Drone x8  
  54  4:08  Overlord  
  54  4:14  Ravager x2  
  54  4:15  Ravager  
  54  4:16  Ravager  
  58  4:24  Spine Crawler, Extractor  
  57  4:26  Extractor  
  57  4:28  Baneling Nest  
  47  4:54  Drone x3  
  47  4:55  Drone x3  
  47  4:56  Drone x3  
  47  4:57  Drone  
  47  4:59  Hatchery  
  50  5:18  Drone x2  
  50  5:19  Spore Crawler  
  51  5:21  Spore Crawler, Drone x4  
  51  5:22  Drone x2  
  51  5:24  Lair  
  51  5:26  Evolution Chamber  
  51  5:27  Evolution Chamber  
  54  5:29  Drone x2  
  57  5:50  Drone x3, Overlord  
  57  5:51  Overlord  
  57  5:53  Drone x3  
  57  5:55  Zerg Ground Armor Level 1  
  57  5:56  Zerg Melee Weapons Level 1  
  62  6:01  Drone x3  
  62  6:03  Overlord x2  
  62  6:04  Extractor  
  64  6:05  Extractor  
  64  6:07  Overlord  
  64  6:09  Overlord  
  63  6:11  Overlord  
  63  6:15  Zergling x4  
  65  6:21  Spore Crawler  
  65  6:22  Drone  
  65  6:23  Drone  
  65  6:24  Spine Crawler  
  65  6:26  Centrifical Hooks  
  65  6:30  Queen  
  67  6:39  Spire  
  67  6:40  Drone x2  
  67  6:41  Drone  
  67  6:42  Drone  
  67  6:43  Drone  
  67  6:45  Drone  
  72  6:49  Zergling x4  
  74  6:55  Overlord  
  74  7:00  Drone x5  
  74  7:01  Drone  
  80  7:02  Drone  
  81  7:14  Overlord  
  81  7:20  Hatchery  
  80  7:24  Zergling x12  
  86  7:30  Overlord  
  86  7:31  Overlord  
  86  7:40  Overlord x2  
  86  7:41  Drone  
  87  7:46  Baneling  
  87  7:47  Baneling x3  
  87  7:52  Mutalisk  
  87  7:53  Mutalisk x2  
  87  7:54  Mutalisk  
  87  7:56  Mutalisk  
  97  7:59  Mutalisk  
  97  8:01  Mutalisk  
  101  8:13  Overlord x2  
  101  8:14  Zergling x14  
  101  8:17  Baneling x5  
  101  8:18  Baneling  
  108  8:23  Mutalisk x3  
  114  8:31  Zergling x10  
  114  8:34  Overlord  
  119  8:43  Mutalisk  
  119  8:44  Mutalisk x4  
  119  8:47  Zergling x2  
  130  8:53  Mutalisk  
  130  8:54  Mutalisk x2  
  138  9:03  Drone x8  
  138  9:05  Drone x2  
Tags
 
Composition
Muta Ling Bane
League
Silver
Matchup
TvZ
Add a new tag
Caveats
  • Supply blocks, unpowered buildings, or Contaminate may cause inaccurate times.
  • Supply counts are checked every 10 seconds.